AoeStats
← jhonskull87

Nomad

508482680Analyzed
4v4 RM · 11d ago on Sep 22, 2026· 45m 27s· 8 players
Game mode
Random Map
Map size
231×231
Population
200
Speed
Normal
Resources
Standard
Victory
Conquest
Starting age
Dark Age
Ending age
Imperial Age
RankedLock teamsTeams togetherTeam positionsShared explorationLock speedFull tech treeHidden civsTurbo modeCheats
Victory
Defeat
🇬🇧 Random · United Kingdom
680
+18
🇩🇪 Slavs · Germany
673
+18
🇹🇷 Hindustanis · Türkiye
665
+18
🇲🇽 Persians · Mexico
649
+19
🇹🇼 Vietnamese · Taiwan
754
-20
🇵🇪 Inca · Peru
744
-19
🇨🇳 Slavs · China
714
-18
🇦🇷 Spanish · Argentina
654
-16
jhonskull87
15:16 Feudal Age
13:32 Loom
16:21 Double-Bit Axe
16:20 Horse Collar
25:13 Wheelbarrow
26:33 Gold Mining
30:02 Castle Age
29:35 Forging
29:16 Fletching
29:27 Padded Archer Armor
31:24 Heavy Plow
31:06 Pikeman
32:16 Gambesons
31:56 Crossbowman
32:42 Thumb Ring
32:56 Bow Saw
33:49 Husbandry
34:00 Bloodlines
33:55 Squires
36:02 Hand Cart
39:08 Kamandaran
39:47 Fishing Lines
40:59 Stone Mining
45:20 Imperial Age
canbomexes
17:57 Feudal Age
19:15 Wheelbarrow
18:26 Horse Collar
18:38 Stone Mining
18:44 Gold Mining
18:49 Double-Bit Axe
26:46 Castle Age
28:01 Hand Cart
27:33 Pikeman
29:17 Bow Saw
29:23 Heavy Plow
29:48 Caravan
37:19 Imperial Age
38:15 Stone Shaft Mining
38:16 Gold Shaft Mining
44:09 Elite Ghulam
Executioner's Bong
7:15 Loom
15:07 Feudal Age
17:05 Fishing Lines
18:23 Double-Bit Axe
25:27 Castle Age
23:56 Fletching
24:48 Stone Mining
25:40 Forging
26:13 Arson
27:11 Iron Casting
26:37 Scale Mail Armor
27:48 Bow Saw
28:50 Gambesons
29:37 Bodkin Arrow
30:25 Wheelbarrow
29:48 Gold Mining
31:06 Chain Mail Armor
30:48 Town Watch
33:17 Hand Cart
35:30 Squires
44:34 Imperial Age
45:04 Elite Longship
45:14 Elite Varangian Guard
46:30 Plate Mail Armor
Dr_safe_420
14:57 Loom
20:07 Feudal Age
24:10 Wheelbarrow
24:32 Double-Bit Axe
26:54 Castle Age
30:20 Bow Saw
31:58 Pikeman
32:39 Squires
32:52 Forging
40:42 Iron Casting
40:08 Scale Mail Armor
44:30 Chain Mail Armor
dorodo
11:15 Feudal Age
12:15 Double-Bit Axe
20:17 Wheelbarrow
19:25 Horse Collar
19:30 Champi Runner
23:38 Castle Age
21:43 Gold Mining
21:46 Stone Mining
22:24 Forging
22:15 Scale Mail Armor
23:55 Wheelbarrow
23:09 Town Watch
23:12 Loom
24:36 Bow Saw
24:28 Heavy Plow
27:40 Stone Shaft Mining
27:01 Pikeman
27:45 Squires
27:07 Pikeman
28:26 Iron Casting
28:06 Chain Mail Armor
30:00 Gold Shaft Mining
29:20 Fletching
36:20 Imperial Age
35:45 Ballistics
35:40 Bodkin Arrow
37:56 Siege Engineers
38:53 Chemistry
38:51 Hand Cart
38:37 Town Patrol
jpgoicochea6
7:44 Loom
15:33 Feudal Age
25:02 Horse Collar
27:28 Castle Age
26:19 Double-Bit Axe
26:30 Gold Mining
26:30 Stone Mining
29:18 Fishing Lines
39:16 Fortified Wall
39:29 Ballistics
39:17 Scale Barding Armor
39:23 Forging
47:19 Imperial Age
362747455
3:30 Loom
3:41 Loom
16:45 Feudal Age
18:05 Wheelbarrow
17:20 Double-Bit Axe
17:19 Horse Collar
20:23 Town Watch
20:42 Gold Mining
25:43 Castle Age
26:14 Stone Mining
26:54 Heavy Plow
27:07 Bow Saw
27:35 Hand Cart
28:06 Forging
27:57 Scale Mail Armor
28:02 Scale Barding Armor
27:49 Fletching
30:34 Gold Shaft Mining
33:01 Bloodlines
32:12 Light Cavalry
33:01 Town Patrol
33:42 Coinage
33:13 Caravan
34:34 Bodkin Arrow
36:22 Iron Casting
36:08 Chain Barding Armor
37:26 Detinets
37:50 Squires
37:10 Pikeman
41:28 Imperial Age
39:22 Chain Mail Armor
41:40 Halberdier
Test
32:56 Feudal Age
31:12 Loom
39:50 Castle Age
38:39 Fishing Lines
41:43 Gillnets
41:53 Double-Bit Axe
Connection lost

Rejoining the realm…

Still unreachable

The connection could not be restored.

Session expired

The server has moved on; the page needs a fresh start.